 Dungeon Crawl Stone Soup version 0.32-a0-818-gb728d0252e (webtiles) character file.

Game seed: 6616437650155851116

39 gimp the Digger (level 3, 0/24 HPs)
             Began as a Barachi Earth Elementalist on Mar 23, 2024.
             Slain by a goblin
             ... wielding a +0 club
             ... led by Robin
              (6 damage)
             ... on level 2 of the Dungeon.
             The game lasted 00:02:34 (1270 turns).

gimp the Digger (Barachi Earth Elementalist)        Turns: 1270, Time: 00:02:34

Health: 0/24       AC:  3    Str:  9    XL:     3   Next: 45%
Magic:  7/7        EV: 11    Int: 17    God:
Gold:   168        SH:  0    Dex: 12    Spells: 6/7 levels left

rFire   . . .        b - +1 dagger (venom)
rCold   . . .        (no shield)
rNeg    . . .        i - +0 robe
rPois   .            o - +0 helmet
rElec   .            (no cloak)
rCorr   .            (no gloves)
SInv    .            (no boots)
Will    .....        (no amulet)
Stlth   ++           f - ring of wizardry
HPRegen 0.24/turn    (no ring)
MPRegen 0.10/turn

%: wizardry (x1)
@: unable to hop, slow
A: amphibious, slowness 1, strong legs 1, +LOS
a: Hop


You were on level 2 of the Dungeon.
You visited 1 branch of the dungeon, and saw 2 of its levels.

You collected 168 gold pieces.

Inventory:

Hand Weapons
 b - a +1 dagger of venom (weapon)
Armour
 i - a +0 robe (worn)
 o - a +0 helmet (worn)
Magical Staves
 a - a staff of death
Jewellery
 f - a ring of wizardry (left hand)
Scrolls
 c - 3 scrolls of immolation {unknown}
 d - 4 scrolls of identify {unknown}
 j - a scroll of vulnerability {unknown}
 k - a scroll of torment {unknown}
Potions
 e - a potion of haste {unknown}
 g - a potion of berserk rage {unknown}
 h - a potion of mutation {unknown}
 l - a potion of magic
 m - a potion of curing {unknown}
 n - a potion of might {unknown}


   Skills:
 - Level 2.1 Dodging
 - Level 1.7 Stealth
 + Level 2.6 Spellcasting
 * Level 2.6 Conjurations
 + Level 3.3 Earth Magic


You had 6 spell levels left.
You knew the following spells:

 Your Spells              Type           Power      Damage    Failure   Level
a - Sandblast             Erth           26%        2d8       1%          1

Your spell library contained the following spells:

 Spells                   Type           Power      Damage    Failure   Level
 Passwall                 Erth           13%        N/A       6%          3
 Stone Arrow              Conj/Erth      24%        3d8       6%          3
 Brom's Barrelling Bould  Conj/Erth      12%        2d4       21%         4
 Petrify                  Alch/Erth      7%         N/A       32%         4
 Ignite Poison            Fire/Alch      2%         N/A       54%         4
 Sticky Flame             Fire/Alch      2%         2d4       54%         4
 Ignition                 Fire           1%         3d3       100%        8


Dungeon Overview and Level Annotations

Branches:
Dungeon (2/15)

Altars:
Dithmenos

Annotations:
D:2 Robin


Innate Abilities, Weirdness & Mutations

You are amphibious.
You cover ground slowly.
You can hop short distances.
You have an extended range of vision and can be seen from far away.


Message History

Health restored: 24; MP restored: 7 You start putting on your armour.
You continue putting on your +0 helmet. x4
You finish putting on your +0 helmet.
There is an open door here.
A bat comes into view.
A bat is nearby!
Casting: Sandblast (safe; 1% risk of failure)
Confirm with . or Enter, or press ? or * to list all spells.
You can't see any susceptible monsters within range! (Use Z to cast anyway.)
Casting: Sandblast (safe; 1% risk of failure)
Confirm with . or Enter, or press ? or * to list all spells.
Aiming: Sandblast (safe; 1% risk of failure)
Press: ? - help, Shift-Dir - straight line, f - bat
Aim: a bat (asleep, 100% to hit)
The blast of sand hits the bat.
You kill the bat!
You now have 6/7 mp.
Robin and a goblin come into view.
Robin shouts!
The goblin shouts!
Robin roars a battlecry!
The goblins go into a battle-frenzy!
MP restored: 7
There are monsters nearby!
A goblin comes into view. It is wielding a +0 club.
Casting: Sandblast (safe; 1% risk of failure)
Confirm with . or Enter, or press ? or * to list all spells.
Aiming: Sandblast (safe; 1% risk of failure)
Press: ? - help, Shift-Dir - straight line, f - goblin
Aim: a goblin, wielding a +0 dagger (strong, 77% to hit)
The blast of sand hits the goblin!
You kill the goblin!
You now have 6/7 mp.
Casting: Sandblast (safe; 1% risk of failure)
Confirm with . or Enter, or press ? or * to list all spells.
Aiming: Sandblast (safe; 1% risk of failure)
Press: ? - help, Shift-Dir - straight line, f - Robin
Aim: Robin, wielding a +0 whip, wearing a +0 animal skin and wearing a +0 helmet (87% to hit)
The blast of sand hits Robin but does no damage.
The goblin shouts!
The hobgoblin shouts!
The hobgoblin no longer looks unusually strong.
Robin hits you with a +0 whip.
You take 1 damage, and have 23/24 hp.
You now have 5/7 mp.
Casting: Sandblast (safe; 1% risk of failure)
Confirm with . or Enter, or press ? or * to list all spells.
Aiming: Sandblast (safe; 1% risk of failure)
Press: ? - help, Shift-Dir - straight line, f/p - Robin
Aim: Robin, wielding a +0 whip, wearing a +0 animal skin and wearing a +0 helmet (87% to hit)
The blast of sand misses Robin.
The goblin no longer looks unusually strong.
Robin closely misses you.
A hobgoblin comes into view.
Health restored: 24 You now have 4/7 mp.
Robin attacks as they pursue you! Robin hits you with a +0 whip.
You take 6 damage, and have 18/24 hp.
MASSIVE DAMAGE!!
Robin hits you with a +0 whip.
You take 2 damage, and have 16/24 hp.
Robin attacks as they pursue you! Robin closely misses you.
There is an open door here.
Robin attacks as they pursue you! Robin closely misses you.
Casting: Sandblast (safe; 1% risk of failure)
Confirm with . or Enter, or press ? or * to list all spells.
Okay, then.
Robin hits you with a +0 whip.
You take 3 damage, and have 15/24 hp.
Robin roars a battlecry!
The goblins go into a battle-frenzy!
Casting: Sandblast (safe; 1% risk of failure)
Confirm with . or Enter, or press ? or * to list all spells.
Aiming: Sandblast (safe; 1% risk of failure)
Press: ? - help, Shift-Dir - straight line, f - hobgoblin, p - Robin
Aim: a hobgoblin (strong, 82% to hit)
Okay, then.
Robin completely misses you. Robin throws the goblin at you!
The hobgoblin hits you. The goblin hits you with a +0 club.
You take 5 damage, and have 10/24 hp.
MASSIVE DAMAGE!!
Hop to where?
Press: ? - help, Dir - move target, p - Robin Boing!
The goblin attacks as it pursues you! The goblin misses you.
The goblin attacks as it pursues you! The goblin barely misses you.
The goblin hits you with a +0 club.
You take 2 damage, and have 9/24 hp.
The goblin attacks as it pursues you! The goblin barely misses you.
The hobgoblin no longer looks unusually strong.
Robin roars a battlecry!
The hobgoblin goes into a battle-frenzy!
The hobgoblin no longer looks unusually strong.
Robin's bangles clink loudly.
MP restored: 7 The goblin attacks as it pursues you!
The goblin hits you with a +0 club.
* * * LOW HITPOINT WARNING * * *
You take 4 damage, and have 6/24 hp.
The goblin no longer looks unusually strong.
Robin says, "A pitiful Frog like you will never find the ORB!"
Robin roars a battlecry!
The goblins go into a battle-frenzy!
The goblin hits you with a +0 club.
You die...

#........)_..#
#............#
#............#
#..........###
###......)..#
..#.........#
..#.........#
..#.........#########
...........g..gg@..>#
..#........g#######.#
..########### #.# ..#
#.# ### #.# #.#
#######'## #........#
########..|.....#


You could see Robin, 2 hobgoblins and a goblin (strong).

Vanquished Creatures
  An adder (D:2)
  3 ribbon worms (D:2)
  2 bats
  2 endoplasms
  6 goblins (D:2)
  2 hobgoblins
  3 ball pythons (D:1)
  3 kobolds (D:2)
  3 rats (D:2)
25 creatures vanquished.

Notes
Turn   | Place    | Note
-------+----------+-------------------------------------------
     0 | D:1      | gimp the Barachi Earth Elementalist began the quest for the
                  | Orb.
     0 | D:1      | Reached XP level 1. HP: 13/13 MP: 3/3
   673 | D:2      | Reached XP level 2. HP: 19/19 MP: 0/5
   888 | D:2      | Reached XP level 3. HP: 24/24 MP: 2/6
  1104 | D:2      | Found a shadowy altar of Dithmenos.
  1234 | D:2      | Noticed Robin
  1270 | D:2      | Slain by a goblin

Illustrated notes

Levels and vault maps discovered:
D:1:      dpeg_arrival_solitude, layout_loops_cross
D:2:      layout_basic, basic_altar, uniq_robin

Skill      XL: |  1  2 |
---------------+-------+-----
Conjurations   | 2 |  2.6
Dodging        | |  2.1
Stealth        | |  1.7
Spellcasting   | |  2.6
Earth Magic    | |  3.3

Action                     || total
---------------------------++-------
  Melee: Staff             ||     2
   Cast: Sandblast         ||    42
Ability: Hop               ||     1
 Armour: Robe              ||    21
  Dodge: Dodged            ||    16

Table legend: (Time is in decaauts)
 A = Elapsed time spent in this place.
 B = Non-inter-level travel time spent in this place.
 C = Inter-level travel time spent in this place.
 D = Time resting spent in this place.
 E = Time spent auto-exploring this place.
 F = Levels seen in this place.
 G = Mean time per level.
                   A        B        C        D        E       F      G
               +--------+--------+--------+--------+--------+-----+--------+
         Total |   1445 |   1395 |     50 |      0 |   1122 |   2 |  722.5 |
       Dungeon |   1445 |   1395 |     50 |      0 |   1122 |   2 |  722.5 |
               +--------+--------+--------+--------+--------+-----+--------+

Top non-repeatable levels by time:
     D:1: 723 daAuts
     D:2: 721 daAuts
